 Dungeon Crawl Stone Soup version 0.20-a0-350-ga83eecc (webtiles) character file.

294 hairmachine the Grave Robber (level 6, -1/45 HPs)
             Began as a Hill Orc Necromancer on Dec 23, 2016.
             Killed by divine providence
             ... invoked by an orc priest
              (13 damage)
             ... on level 4 of the Dungeon.
             The game lasted 00:37:22 (5426 turns).

hairmachine the Grave Robber (Hill Orc Necromancer) Turns: 5426, Time: 00:37:24

Health: -1/45      AC:  3    Str: 12    XL:     6   Next: 34%
Magic:  0/8        EV: 12    Int: 16    God:
Gold:   140        SH:  0    Dex: 11    Spells: 0/8 levels left

rFire  . . .     SeeInvis .     g - +1 war axe
rCold  . . .     Gourm    .     p - -1 robe (curse)
rNeg   . . .     Faith    .     (no shield)
rPois  .         Spirit   .     (no helmet)
rElec  .         Reflect  .     (no cloak)
rCorr  .         Harm     .     (no gloves)
MR     .....                    m - +1 pair of boots
Stlth  ++........               (no amulet)
                                (no ring)
                                (no ring)

@: no status effects
A: no striking features
a: Convert to Beogh


You were on level 4 of the Dungeon.
You were hungry.

You visited 1 branch of the dungeon, and saw 4 of its levels.

You collected 140 gold pieces.


   Skills:
 + Level 0.2 Fighting
 * Level 3.1 Axes
 - Level 0.2 Armour
 - Level 1.5 Dodging
 - Level 1.5 Stealth
 - Level 1.5 Spellcasting
 - Level 2.3 Charms
 + Level 6.2 Necromancy


You couldn't memorise any spells.
You knew the following spells:

 Your Spells              Type           Power        Failure   Level  Hunger
a - Vampiric Draining     Necr           ###.......   6%          3    ####...
g - Regeneration          Chrm/Necr      ##........   12%         3    ####...
u - Animate Skeleton      Necr           N/A          1%          1    ##.....
z - Pain                  Necr           ###.         1%          1    ##.....

Inventory:

Hand Weapons
 g - a +1 war axe (weapon)
   (You took it off an orc on level 4 of the Dungeon)
Missiles
 d - 58 stones (quivered)
Armour
 a - a +0 robe
 e - a +0 ring mail
   (You took it off an orc on level 3 of the Dungeon)
 m - a +1 pair of boots (worn)
   (You found it on level 3 of the Dungeon)
 p - a cursed -1 robe (worn)
   (You took it off an orc wizard on level 4 of the Dungeon)
Jewellery
 l - an uncursed ring of magical power {unknown}
   (You found it on level 2 of the Dungeon)
Wands
 r - a wand of iceblast (10/15)
   (You found it on level 3 of the Dungeon)
Books
 b - a book of Necromancy

   Spells                             Type                      Level
   a - Pain                           Necromancy                   1
   b - Animate Skeleton               Necromancy                   1
   c - Vampiric Draining              Necromancy                   3
   d - Regeneration                   Charms/Necromancy            3
   e - Animate Dead                   Necromancy                   4
   f - Control Undead                 Necromancy                   4
Comestibles
 c - 4 bread rations
 f - 2 meat rations
 h - 4 chunks of flesh
 j - a slice of pizza
 s - 3 fruits

Dungeon Overview and Level Annotations

Branches:
Dungeon (4/15)
 Temple: D:4-7

Altars:
Trog
Vehumet

Shops:
D:4 :

Annotations:
D:1 exclusion: jackal
D:2 exclusions: downstairs and worm

.##.........######o..............
.##.............@{o#.........,,,,
.#**####.#.#########.........,,,,
<# *,,.....,,,* #......#..,,,, .#
*.......,,,* ##......#*,,,,, .#
*.......,,,* #.....###*,,,,,
.#**###############.....#.,,,,,,,
.#,,,,,,..#...o.(..........,,,,,,
##,,,,,.......oo............,,,,,
*,,,,,...#.<.....#.........,,,,,
******#**#.................,,,,,
#.................,,>,,
#.......##.......,,,,,,
#########*.....##*,,,,,
*,,.....#****,,,
***,,,,..,,,,,*,,,
**,,,,,,,,,***,,,,,


You could see an orc priest and an orc.


Message History

Okay, then.
Casting: Pain
Confirm with . or Enter, or press ? or * to list all spells.
You don't know that spell.
Casting: Pain
Confirm with . or Enter, or press ? or * to list all spells.
Aiming: Vampiric Draining
Press: ? - help, Shift-Dir - straight line, f/p - orc wizard
Aim: an orc wizard, wielding a dagger and wearing a robe Nothing appears to happen.
You are feeling hungry.
Casting: Vampiric Draining
Confirm with . or Enter, or press ? or * to list all spells.
Aiming: Pain
Press: ? - help, Shift-Dir - straight line, f/p - orc wizard
Aim: an orc wizard, wielding a dagger and wearing a robe (chance to defeat MR: 80%)
The orc wizard barely resists.
Damage: -2%(-1hp) hp: 98%(44hp)
Casting: Pain
Confirm with . or Enter, or press ? or * to list all spells.
You don't know that spell.
The orc wizard closely misses you. The orc wizard hits you with a dagger.
The orc priest hits you.
Damage: -6%(-3hp) hp: 92%(41hp)
Casting: Pain
Confirm with . or Enter, or press ? or * to list all spells.
You don't know that spell.
Casting: Pain
Confirm with . or Enter, or press ? or * to list all spells.
Aiming: Vampiric Draining
Press: ? - help, Shift-Dir - straight line, f - orc priest, p - orc wizard
Aim: an orc priest, wearing a ring mail The orc priest is moderately wounded.
You feel life coursing into your body.
* * * LOW MAGIC WARNING * * *
The orc wizard barely misses you.
The orc priest mumbles some strange prayers to Beogh against you.
Pain shoots through your body!
Damage: -9%(-4hp) hp: 83%(37hp)
You closely miss the orc priest.
The orc priest is moderately wounded.
You barely miss the orc wizard. The orc wizard hits you with a dagger.
The orc priest barely misses you. The orc wizard closely misses you.
The orc priest hits you but does no damage.
Damage: -9%(-4hp) hp: 74%(33hp)
You hit the orc priest.
The orc priest is moderately wounded.
You closely miss the orc wizard. The orc wizard hits you with a dagger.
* * * LOW HITPOINT WARNING * * *
The orc priest hits you.
* * * LOW HITPOINT WARNING * * *
Damage: -7%(-3hp) hp: 67%(30hp)
The orc wizard hits you with a dagger.
* * * LOW HITPOINT WARNING * * *
Damage: -4%(-2hp) hp: 63%(28hp) Really read
k - a scroll labeled BUDONE VALI {!r}?
As you read the scroll labeled BUDONE VALI {!r}, it crumbles to dust.
You feel aware of your surroundings.
You sensed 4 altars.
It was a scroll of magic mapping {!r}.
The orc wizard casts a spell.
The orc wizard flickers and vanishes!
Deactivating autopickup; reactivate with Ctrl-A.
Really read
n - a scroll labeled PECOUL TIUPE {!r}?
As you read the scroll labeled PECOUL TIUPE {!r}, it crumbles to dust.
It is a scroll of enchant weapon.
Your +0 war axe glows red for a moment.
The orc throws a tomahawk.
Something hits you but does no damage.
Casting: Vampiric Draining
Confirm with . or Enter, or press ? or * to list all spells.
Aiming: Pain
Press: ? - help, Shift-Dir - straight line, f/p - orc priest
Aim: an orc priest, wearing a ring mail (moderately wounded, chance to defeat MR: 80%) Nothing appears to happen.
* * * LOW MAGIC WARNING * * *
You hear some strange, mumbled words.
Something tries to affect you, but you resist.
Damage: -2%(-1hp) hp: 63%(28hp)
Casting: Pain
Confirm with . or Enter, or press ? or * to list all spells.
Aiming: Pain
Press: ? - help, Shift-Dir - straight line, f/p - orc priest
Aim: an orc priest, wearing a ring mail (moderately wounded, chance to defeat MR: 80%) Nothing appears to happen.
* * * LOW MAGIC WARNING * * *
You hear some strange, mumbled words.
You are confused.
The orc priest mumbles some strange prayers to Beogh against you.
Beogh smites you!
* * * LOW HITPOINT WARNING * * *
Huge Dmg: -34%(-15hp) hp: 29%(13hp) Really quaff
o - a smoky orange potion {!q}?
It was a potion of cancellation {!q}.
Your magical effects are unravelling.
You feel magically purged.
You feel less confused. Something hits you.
* * * LOW HITPOINT WARNING * * *
The orc priest mumbles some strange prayers to Beogh against you.
Beogh smites you!
You die...

Vault maps used:
D:1:      evilmike_arrival_run_for_it
D:2:      bloody_trog
D:3:      vehumet_crystals, first_bread, st_stairs_11
D:4:      grunt_temple_overflow_cloverleaf, serial_shops,
          nicolae_shop_waterfront

Notes
Turn   | Place    | Note
-------+----------+-------------------------------------------
     0 | D:1      | hairmachine the Hill Orc Necromancer began the quest for the Orb.
     0 | D:1      | Reached XP level 1. HP: 14/14 MP: 3/3
   340 | D:1      | Reached XP level 2. HP: 18/20 MP: 0/4
   542 | D:1      | Learned a level 1 spell: Animate Skeleton
  1120 | D:1      | Reached XP level 3. HP: 16/26 MP: 0/5
  1290 | D:1      | Learned a level 3 spell: Regeneration
  1329 | D:1      | Reached skill level 5 in Necromancy
  2473 | D:2      | Found a bloodstained altar of Trog.
  2594 | D:2      | Reached XP level 4. HP: 23/33 MP: 0/6
  2955 | D:3      | Reached skill level 1 in Charms
  3399 | D:3      | Found a radiant altar of Vehumet.
  3654 | D:3      | Reached XP level 5. HP: 28/38 MP: 1/7
  4548 | D:4      | Found Gumumpur's Book Shop.
  4600 | D:4      | Reached skill level 1 in Axes
  4618 | D:4      | Reached skill level 6 in Necromancy
  4883 | D:4      | Reached XP level 6. HP: 42/45 MP: 1/8
  5070 | D:4      | Learned a level 3 spell: Vampiric Draining
  5426 | D:4      | Killed from afar by an orc priest

Vanquished Creatures
  A hound (D:4)
  An orc wizard (D:4)
  A worker ant (D:4)
  3 gnolls (D:3)
  3 adders
  An ooze (D:3)
  4 dart slugs
  4 leopard geckos
  12 orcs
  2 ball pythons (D:3)
  9 bats
  3 giant cockroaches
  7 hobgoblins
  4 jackals (D:1)
  6 kobolds
  2 quokkas (D:3)
  4 frilled lizards
  7 goblins
  A quokka skeleton (D:4)
  9 rats
84 creatures vanquished.

Vanquished Creatures (collateral kills)
  An orc wizard (D:4)
  A gnoll (D:3)
  An adder skeleton (D:4)
  4 orcs
  A hobgoblin (D:1)
  A jackal (D:1)
  A quokka (D:4)
  3 bats
  A frilled lizard (D:1)
  2 goblins
  A rat (D:3)
17 creatures vanquished.

Grand Total: 101 creatures vanquished

Action                   |  1- 3 |  4- 6 || total
-------------------------+-------+-------++-------
Melee: Unarmed           |     6 |       ||     6
       Club              |       |    43 ||    43
       Whip              |       |    20 ||    20
       Hand axe          |       |    15 ||    15
       War axe           |       |     9 ||     9
Throw: Stone             |    19 |    18 ||    37
 Cast: Pain              |    70 |    97 ||   167
       Animate Skeleton  |    11 |    20 ||    31
       Regeneration      |       |     1 ||     1
       Vampiric Draining |       |     2 ||     2
  Use: Scroll            |       |     7 ||     7
       Potion            |       |     5 ||     5
 Stab: Distracted        |       |     1 ||     1
  Eat: Chunk             |     7 |    12 ||    19
Armor: Robe              |    18 |    22 ||    40
Dodge: Dodged            |    28 |    93 ||   121

Skill      XL: |  1  2  3  4  5  6 |
---------------+-------------------+-----
Necromancy     | 5 6 |  6.2
Charms         | 1 2 |  2.3
Axes           | 2 3 |  3.1
Fighting       | |  0.2
Armour         | |  0.2
Dodging        | |  1.5
Stealth        | |  1.5
Spellcasting   | |  1.5
